 Seeded DCSS version 0.32-a0-975-g85d4e5bfdb (webtiles) character file.

Game seed: 202404194 (custom seed)

3329 Orlauf the Fighter (level 9, -3/78 HPs)
             Began as a Demonspawn Gladiator on Apr 19, 2024.
             Was a Priest of Uskayaw.
             Slain by a vault guard
             ... wielding a +0 broad axe
              (9 damage)
             ... in a bailey.
             The game lasted 00:12:24 (7335 turns).

Orlauf the Fighter (Demonspawn Gladiator)           Turns: 7335, Time: 00:12:26

Health: -3/78      AC:  9    Str: 18    XL:     9   Next: 71%
Magic:  14/14      EV: 14    Int:  9    God:    Uskayaw [***...]
Gold:   269        SH:  0    Dex: 15    Spells: 8/8 levels left

rFire   . . .        a - +1 broad axe (flame)
rCold   . . .        (no shield)
rNeg    . . .        q - +0 scale mail
rPois   .            f - +2 hat
rElec   .            (no cloak)
rCorr   .            (no gloves)
SInv    +            k - +0 pair of boots
Will    .....        (no amulet) Stlth
                     m - ring of see invisible
HPRegen 0.33/turn    (no ring)
MPRegen 0.14/turn

%: no passive effects
@: mighty, agile, wreathed by umbra, studying Fighting
A: powered by pain 2, weakness stinger 2, foul shadow 1
a: Renounce Religion, Stomp, Line Pass


You were in a bailey.
You worshipped Uskayaw.
Uskayaw was noncommittal.
You visited 2 branches of the dungeon, and saw 8 of its levels.
You also visited: Sewer and Bailey.

You collected 269 gold pieces.

Inventory:

Hand Weapons
 a - a +1 broad axe of flaming (weapon)
 b - a +1 war axe
 n - a +0 whip of freezing
Missiles
 d - 4 throwing nets
 e - 5 javelins
 l - 24 poisoned darts
Armour
 c - a +1 helmet
 f - a +2 hat (worn)
 k - a +0 pair of boots (worn)
 q - a +0 scale mail (worn)
Jewellery
 m - a ring of see invisible (left hand)
Wands
 u - a wand of paralysis (1) (quivered)
Scrolls
 g - a scroll of blinking
 o - 3 scrolls of fear
 v - 2 scrolls of teleportation
 w - a scroll of fog
 y - 2 scrolls of enchant armour
Potions
 h - 2 potions of heal wounds
 i - a potion of magic
 j - 2 potions of lignification
 p - 3 potions of mutation
 r - 2 potions of attraction
 s - a potion of berserk rage
 t - 2 potions of brilliance {unknown}
 x - a potion of enlightenment
 z - 2 potions of invisibility
 A - a potion of curing
 B - 2 potions of degeneration {unknown}
 C - a potion of cancellation {unknown}


   Skills:
 + Level 9.8 Fighting
 * Level 9.7 Axes
 - Level 1.7 Throwing
 - Level 2.6 Dodging
 + Level 7.9 Invocations


You had 8 spell levels left.
You didn't know any spells.
Your spell library contained the following spells:

 Spells                   Type           Power      Damage    Failure   Level
 Kiss of Death            Conj/Necr      0%         2d5       80%         1
 Sandblast                Erth           0%         2d4       80%         1
 Cigotuvi's Dreadful Rot  Necr/Alch/Air  0%         N/A       91%         2
 Confusing Touch          Hex            0%         N/A       99%         3
 Hailstorm                Conj/Ice       0%         3d5       99%         3
 Passwall                 Erth           0%         N/A       99%         3
 Stone Arrow              Conj/Erth      0%         3d7       99%         3
 Summon Ice Beast         Ice/Summ       0%         N/A       99%         3
 Tukima's Dance           Hex            0%         N/A       99%         3
 Dimensional Bullseye     Hex/Tloc       0%         N/A       100%        4
 Dispel Undead            Necr           0%         3d6       100%        4
 Ignite Poison            Fire/Alch      0%         N/A       100%        4
 Iskenderun's Mystic Bla Conj/Tloc 0%             2d3        (+2d1     100%        4
 Freezing Cloud           Conj/Ice/Air   0%         6-21      100%        5
 Permafrost Eruption      Ice/Erth       0%         2x4d1     100%        6
 Sculpt Simulacrum        Ice/Alch       0%         N/A       100%        6


Dungeon Overview and Level Annotations

Branches:
Dungeon (7/15)             Temple (1/1) D:4           Sewer (visited)
 Bailey (1/1)

Altars:
Ashenzari
Cheibriados
Dithmenos
Gozag
Kikubaaqudgha
Makhleb
Nemelex Xobeh
Okawaru
Qazlal
Ru
Sif Muna
Trog
Uskayaw
Wu Jian
Xom
Yredelemnul

Shops:
D:6 (


Innate Abilities, Weirdness & Mutations

You sometimes gain power by taking damage.
You have a tail ending in a sharp stinger.
You are faintly shadowed, very rarely releasing foul flame when damaged in melee.


Message History

You slash the vault guard! You burn the vault guard!
The vault guard is moderately wounded.
The vault guard barely misses you.
You hit the vault guard. You burn the vault guard.
The vault guard is heavily wounded.
The vault guard hits you with a +0 broad axe!
You focus on the pain.
You feel very mighty all of a sudden.
You can now pass through a line of other dancers.
You hit the vault guard. You burn the vault guard.
The vault guard is heavily wounded.
The vault guard hits you with a +0 broad axe!
The vault guard is seared by the foul flame within you.
The vault guard is heavily wounded.
You barely miss the vault guard.
The vault guard is heavily wounded.
The vault guard hits you with a +0 broad axe!
You feel much better. The vault guard barely misses you.
You slash the vault guard! You burn the vault guard.
The vault guard is severely wounded.
The vault guard hits you with a +0 broad axe!!
The blink frog blinks!
You hit the vault guard. You burn the vault guard.
Your tail-slap misses the vault guard.
The vault guard is severely wounded.
The vault guard hits you with a +0 broad axe!!
* * * LOW HITPOINT WARNING * * *
You focus on the pain.
You feel agile all of a sudden.
Uskayaw will force your foes to helplessly watch your dance.
Uskayaw prepares the audience for your solo!
The helpless vault guard fails to defend itself.
You slash the vault guard! You burn the vault guard.
You tail-slap the vault guard.
The vault guard is almost dead.
The blink frog is no longer paralysed.
The vault guard is no longer paralysed.
The vault guard misses you. The blink frog barely misses you.
The vault guard hits you with a +0 broad axe!
You die...
Your body falls in perfect tune with the rhythm.

#≈~.~≈≈~≈#
#≈~.~~~~≈##
##≈~.~.~~~≈#
#≈~~.~.~~~≈#
##≈~....~~~≈#
+###≈~~....~~~≈#
.≈≈≈~...~.~~~~≈#
#......F...~~≈##
#~~~...@...~~≈#
##~~~##p##~~≈##
##~##.§.##≈##
###..... ##
#..∩..# #.....#
#.....# #!?.$?#


You could see a vault guard and a blink frog.

Vanquished Creatures
  Prince Ribbit (D:6)
  Eustachio (D:5)
  A steam dragon (D:6)
  3 water moccasins
  A black bear (D:5)
  2 ice beasts
  3 sky beasts
  An orc warrior (D:7)
  An ogre (D:7)
  A crocodile (Sewer)
  A phantom (D:5)
  2 kobold brigands
  7 bullfrogs
  3 scorpions
  2 bombardier beetles
  2 hounds
  3 orc priests
  A jelly (D:5)
  2 sleepcaps
  5 iguanas
  7 orc wizards
  12 adders
  A gnoll (D:4)
  A shadow imp (D:5)
  A white imp (D:6)
  7 ribbon worms
  3 dart slugs
  23 orcs
  9 bats
  An endoplasm (D:1)
  4 giant cockroaches
  13 hobgoblins
  7 jackals
  24 kobolds
  8 quokkas
  14 ball pythons
  4 frilled lizards
  14 goblins
  5 rats
201 creatures vanquished.

Notes
Turn   | Place    | Note
-------+----------+-------------------------------------------
     0 | D:1      | Orlauf the Demonspawn Gladiator began the quest for the
                  | Orb.
     0 | D:1      | Reached XP level 1. HP: 16/16 MP: 1/1
    40 | D:1      | Gained mutation: You have a small tail. [demonic ancestry]
    40 | D:1      | Reached XP level 2. HP: 22/22 MP: 2/2
   250 | D:1      | Gained mutation: You are faintly shadowed, very rarely
                  | releasing foul flame when damaged in melee. [demonic
                  | ancestry]
   250 | D:1      | Reached XP level 3. HP: 24/28 MP: 3/3
   786 | D:2      | Reached XP level 4. HP: 34/34 MP: 4/4
  1322 | D:3      | Found a faded altar of an unknown god.
  1475 | D:3      | Identified the +6 trident "Ruomoc" {heavy, +Blink rElec
                  | Will+ Dex-2}
  1684 | D:3      | Noticed a water moccasin
  1694 | D:3      | Killed a water moccasin
  1695 | D:3      | Reached skill level 5 in Axes
  1695 | D:3      | Reached XP level 5. HP: 9/42 MP: 5/5
  1699 | D:3      | HP: 2/42 [poisoned by a water moccasin]
  2148 | D:3      | Identified a scroll of acquirement
  2148 | D:3      | Acquired a manual of Fighting
  2216 | D:4      | Gained mutation: You sometimes gain a little power by
                  | taking damage. [demonic ancestry]
  2216 | D:4      | Reached XP level 6. HP: 41/48 MP: 6/6
  2296 | D:4      | Found a staircase to the Ecumenical Temple.
  2363 | Temple   | Entered the Ecumenical Temple
  2386 | Temple   | Became a worshipper of Uskayaw the Reveller
  2526 | D:4      | Reached * piety under Uskayaw
  2708 | D:4      | Reached ** piety under Uskayaw
  2862 | D:4      | Reached *** piety under Uskayaw
  2864 | D:4      | Reached skill level 1 in Invocations
  3488 | D:5      | Entered Level 5 of the Dungeon
  3566 | D:5      | Reached skill level 5 in Fighting
  3566 | D:5      | Reached XP level 7. HP: 54/56 MP: 8/8
  3575 | D:5      | Reached **** piety under Uskayaw
  3613 | D:5      | Found an ornate altar of the Wu Jian Council.
  3636 | D:5      | Found a glowing drain.
  3733 | Sewer    | Entered a sewer
  4383 | D:5      | Noticed Eustachio
  4394 | D:5      | Gained mutation: You sometimes gain power by taking damage.
                  | [demonic ancestry]
  4394 | D:5      | Reached XP level 8. HP: 55/65 MP: 9/11
  4396 | D:5      | Killed Eustachio
  4691 | D:5      | Reached skill level 5 in Invocations
  6089 | D:6      | Noticed Prince Ribbit
  6097 | D:6      | Killed Prince Ribbit
  6098 | D:6      | Gained mutation: You have a tail ending in a sharp stinger.
                  | [demonic ancestry]
  6098 | D:6      | Reached XP level 9. HP: 55/75 MP: 13/13
  6104 | D:6      | Reached ***** piety under Uskayaw
  6584 | D:6      | Found Yryaso's Weapon Shoppe.
  6714 | D:7      | HP: 1/75 [ogre/+0 giant club (17)]
  6953 | D:7      | Found a flagged portal.
  7160 | Bailey   | Entered a bailey
  7321 | Bailey   | Noticed a vault guard
  7335 | Bailey   | Slain by a vault guard

Illustrated notes

Levels and vault maps discovered:
D:1:      lightli_arrival_statuegarden, layout_rooms
D:2:      minmay_door_path, layout_loops_ring
D:3:      layout_basic, nicolae_ecumenical_snake_handling
D:4:      layout_basic, temple_doors_e, minmay_quantized
D:5:      nicolae_BIG_FREAKIN_CUBE, layout_layer_cave,
          mainiacjoe_overflow_paths, cheibrodos_sewer_entry_sluice,
          chequers_serial_rivers_room_a, uniq_eustachio
D:6:      layout_rooms, serial_shops, shop_fountains, uniq_prince_ribbit1
D:7:      layout_basic, enter_bailey_6
Temple:   nicolae_temple_bog_church
Bailey:   bailey_axe_froggy_fort_hellmonk, bailey

Skill      XL: |  1  2  3  4  5  6  7  8  9 |
---------------+----------------------------+-----
Axes           | 3 4 5 6 7 8 9 |  9.7
Fighting       | 3 4 5 6 8 9 |  9.8
Invocations    | 2 4 6 7 |  7.9
Throwing       | |  1.7
Dodging        | |  2.6

Action                     |  1- 3 |  4- 6 |  7- 9 || total
---------------------------+-------+-------+-------++-------
  Melee: War axe           |    98 |   101 |       ||   199
         Tailslap          |     7 |    18 |    25 ||    50
         Broad axe         |       |    59 |   293 ||   352
  Throw: Dart              |       |       |     1 ||     1
         Throwing net      |       |       |     1 ||     1
  Evoke: Wand              |       |       |     4 ||     4
    Use: Scroll            |     2 |     8 |     7 ||    17
         Potion            |       |     2 |     6 ||     8
   Stab: Paralysed         |       |     1 |    13 ||    14
         Invisible         |       |       |     1 ||     1
 Armour: Leather armour    |    61 |       |       ||    61
         Scale mail        |       |   127 |   300 ||   427
         Ring mail         |       |     1 |       ||     1
  Dodge: Dodged            |   104 |    90 |   166 ||   360

Table legend: (Time is in decaauts)
 A = Elapsed time spent in this place.
 B = Non-inter-level travel time spent in this place.
 C = Inter-level travel time spent in this place.
 D = Time resting spent in this place.
 E = Time spent auto-exploring this place.
 F = Levels seen in this place.
 G = Mean time per level.
                   A        B        C        D        E       F      G
               +--------+--------+--------+--------+--------+-----+--------+
         Total |   7602 |   7404 |    198 |    687 |   4878 |  10 |  760.2 |
       Dungeon |   6600 |   6423 |    177 |    666 |   4373 |   7 |  942.9 |
        Temple |     43 |     23 |     20 |      0 |      0 |   1 |   43.0 |
         Sewer |    778 |    778 |      0 |     21 |    378 |   1 |  778.0 |
        Bailey |    179 |    179 |      0 |      0 |    126 |   1 |  179.0 |
               +--------+--------+--------+--------+--------+-----+--------+

Top non-repeatable levels by time:
     D:5: 1699 daAuts
     D:4: 1275 daAuts
     D:6: 909 daAuts
     D:3: 908 daAuts
     D:2: 805 daAuts
   Sewer: 778 daAuts
     D:1: 541 daAuts
     D:7: 460 daAuts
  Bailey: 179 daAuts
  Temple: 43 daAuts
